 Dungeon Crawl Stone Soup version 0.26-a0-1147-g3780a7a11b (webtiles) character file.

Game seed: 4868721327317594498

222 sokol815 the Firebug (level 5, -2/31 HPs)
             Began as an Octopode Fire Elementalist on Dec 22, 2020.
             Slain by a phantom (6 damage)
             ... on level 4 of the Dungeon.
             The game lasted 00:09:12 (3878 turns).

sokol815 the Firebug (Octopode Fire Elementalist)   Turns: 3878, Time: 00:09:13

Health: -2/31      AC:  1    Str:  7    XL:     5   Next: 99%
Magic:  3/8        EV: 14    Int: 18    God:
Gold:   145        SH:  0    Dex: 19    Spells: 7/8 levels left

rFire    + . .     SeeInvis .   r - +0 falchion
rCold    . . .     Faith    +   (no shield)
rNeg     . . .     Spirit   .   (helmet restricted)
rPois    .         Reflect  .   d - amulet of faith {Faith, !P}
rElec    .         Harm     .   q - +6 ring of dexterity
rCorr    .         Rampage  .   k - ring of protection from fire {rF+, !d}
Will     .....                  (no ring)
Stlth    +++.......             (no ring)
HPRegen  0.10/turn              (no ring)
MPRegen  0.11/turn              (no ring)
                                (no ring)
                                (no ring)

@: no status effects
A: almost no armour, stealthy swim, amphibious, 8 rings, constrict 8, camouflage
1, gelatinous body 1
a: no special abilities


You were on level 4 of the Dungeon.
You visited 1 branch of the dungeon, and saw 4 of its levels.

You collected 145 gold pieces.

Inventory:

Hand Weapons
 a - a +2 whip of flaming
   (You took it off a kobold on level 3 of the Dungeon)
 b - a +0 dagger
   (You took it off a kobold on level 1 of the Dungeon)
 c - a +0 club
   (You took it off a hobgoblin on level 1 of the Dungeon)
 r - a +0 falchion (weapon)
   (You took it off an orc on level 3 of the Dungeon)
Missiles
 f - 143 stones
 n - 10 boomerangs
Jewellery
 d - an amulet of faith (around mantle) {Faith, !P}
   (You found it on level 1 of the Dungeon)
 k - a ring of protection from fire (right tentacle) {rF+, !d}
   (You found it on level 2 of the Dungeon)
 q - a +6 ring of dexterity (left tentacle)
   (You found it on level 1 of the Dungeon)
Scrolls
 g - a scroll of amnesia
 h - a scroll of remove curse
 i - a scroll of teleportation
 o - a scroll of identify
Potions
 e - a potion of lignification {unknown}
 l - 2 potions of curing
 m - a potion of resistance {unknown}
 p - 2 potions of attraction {!q}
 s - a potion of haste {unknown}


   Skills:
 - Level 2.0 Dodging
 - Level 2.6 Stealth
 - Level 2.0 Spellcasting
 + Level 4.5 Conjurations
 + Level 4.5 Fire Magic


You had 7 spell levels left.
You knew the following spells:

 Your Spells              Type           Power        Failure   Level
a - Foxfire               Conj/Fire      72%          2%          1

Your spell library contained the following spells:

 Spells                   Type           Power        Failure   Level
 Conjure Flame            Conj/Fire      18%          9%          3
 Inner Flame              Hex/Fire       10%          22%         3
 Sticky Flame             Conj/Fire      18%          28%         4
 Fireball                 Conj/Fire      9%           61%         5


Dungeon Overview and Level Annotations

Branches:
Dungeon (4/15)
 Temple: D:4-7

Altars:
Dithmenos
Wu Jian
Xom

Annotations:
D:2 Natasha
D:4 1 exclusion


Innate Abilities, Weirdness & Mutations

You cannot wear most types of armour.
You are very stealthy in the water. (Stealth+)
You are amphibious.
You can wear up to eight rings at the same time.
You can use your tentacles to constrict eight enemies at once.
Your skin changes colour to match your surroundings (Stealth+).
Your rubbery body absorbs attacks. (AC +1, EV +1)


Message History

Found a stone staircase leading up.
You take 2 damage, and have 17/31 hp.
The giant cockroach barely misses you. The giant cockroach misses you.
You riposte.
You hit the giant cockroach. You grab the giant cockroach.
You conjure some foxfire!
You constrict the giant cockroach. The giant cockroach barely misses you.
You now have 3/8 mp.
You constrict the giant cockroach, but do no damage.
The foxfire hits the giant cockroach.
You kill the giant cockroach!
You now have 138 gold pieces (gained 11).
Found an ornate altar of the Wu Jian Council.
You hear the slow rusting of a drain nearby.
MP restored: 8 A worm comes into view.
You hit the worm but do no damage. You grab the worm. You constrict the worm.
The worm bites you.
You take 3 damage, and have 19/31 hp.
You hit the worm. You constrict the worm. The worm bites you.
You take 4 damage, and have 15/31 hp.
You completely miss the worm. You squeeze the worm! You constrict the worm.
The worm misses you.
You hit the worm.
You kill the worm!
You see here a worm corpse.
You now have 142 gold pieces (gained 4).
l - 3 potions of curing (gained 1)
e - a glowing blue potion You open the door.
There is an open door here.
You hear the rusting of a distant drain.
You now have 145 gold pieces (gained 3).
A worker ant comes into view.
You regained 2 hp, and now have 24/31 hp.
An iguana and an orc come into view.
b - a +0 dagger (weapon)
The orc shouts!
The iguana hisses angrily.
The orc hits you with a +0 club.
You take 3 damage, and have 21/31 hp.
You hear the rusting of a distant drain.
Your +2 whip of flaming bursts into flame!
a - a +2 whip of flaming (weapon)
You closely miss the orc. You grab the orc. You squeeze the orc.
You constrict the orc. The orc completely misses you.
You hit the orc. You burn the orc.
You kill the orc!
A phantom comes into view.
You hit the iguana. You burn the iguana. You grab the iguana.
You constrict the iguana. The iguana barely misses you.
You hit the iguana but do no damage.
You squeeze the iguana, but do no damage.
You constrict the iguana, but do no damage.
The iguana closely misses you.
You hit the iguana. You burn the iguana. You constrict the iguana.
The iguana closely misses you.
You hit the iguana but do no damage. You constrict the iguana.
The iguana barely misses you.
You hit the iguana. You burn the iguana.
You kill the iguana!
The phantom blinks!
You conjure some foxfire!
The phantom hits you!
You take 8 damage, and have 14/31 hp.
MASSIVE DAMAGE!!
You now have 7/8 mp.
Your +2 whip of flaming stops flaming.
r - a +0 falchion (weapon)
The foxfire hits the phantom. x2
You miscast Foxfire.
You are very lightly contaminated with residual magic.
Nothing appears to happen.
The phantom hits you!
* * * LOW HITPOINT WARNING * * *
You take 7 damage, and have 7/31 hp.
MASSIVE DAMAGE!!
You now have 6/8 mp.
You feel better. The phantom hits you.
The phantom blinks!
You regained 9 hp, and now have 16/31 hp.
The phantom blinks!
Your magical contamination has completely faded away.
The phantom blinks!
MP restored: 8 You conjure some foxfire!
The phantom hits you.
You take 4 damage, and have 13/31 hp.
You now have 7/8 mp.
You conjure some foxfire!
The foxfire hits the phantom but does no damage.
The foxfire hits the phantom.
The phantom hits you!
* * * LOW HITPOINT WARNING * * *
You take 8 damage, and have 5/31 hp.
MASSIVE DAMAGE!!
You now have 6/8 mp.
You conjure some foxfire!
The foxfire hits the phantom.
The phantom hits you.
* * * LOW HITPOINT WARNING * * *
You take 1 damage, and have 4/31 hp.
You now have 5/8 mp.
You conjure some foxfire!
The foxfire hits the phantom but does no damage. x2
The foxfire hits the phantom.
The phantom barely misses you.
You now have 4/8 mp.
You conjure some foxfire!
The foxfire hits the phantom but does no damage.
The phantom hits you.
You die...

# ....._#.## ###### .....##..#
.....# 8$..8###.# ....# ##8 #.##
#..#### #..# #.....# #####.#
#.†...# # ...#.##
#....v#.####.###.#..## ###
#...W@v...#........†..
....####.###.#.#.###.######.##.##
.............#.#.#.#.# #.#....
#.######.....#.#.#...# #.#.#.#
#.#### #.###.#.#.#...# #.#<#..
.....###.###.#.#.#.#.######.####.
.................................
.....###.###.#.#.###.######.#####
.....# #.# #.#.......# #.#


You could see a phantom.

Vanquished Creatures
  An orc wizard (D:3)
  A centaur skeleton (D:4)
  An iguana (D:4)
  5 adders
  2 oozes
  3 worms
  4 dart slugs
  3 leopard geckos
  5 orcs
  3 giant cockroaches
  5 goblins
  3 hobgoblins
  4 jackals (D:4)
  11 kobolds
  2 quokkas
  4 bats
  7 frilled lizards
  A leopard gecko skeleton (D:4)
  5 rats
70 creatures vanquished.

Vanquished Creatures (others)
  226 foxfires
226 creatures vanquished.

Grand Total: 296 creatures vanquished

Notes
Turn   | Place    | Note
-------+----------+-------------------------------------------
     0 | D:1      | sokol815 the Octopode Fire Elementalist began the quest for
                  | the Orb.
     0 | D:1      | Reached XP level 1. HP: 11/11 MP: 3/3
   160 | D:1      | Reached skill level 2 in Conjurations
   160 | D:1      | Reached XP level 2. HP: 17/17 MP: 1/5
   918 | D:1      | Reached XP level 3. HP: 21/21 MP: 2/6
  1390 | D:2      | Reached skill level 3 in Conjurations
  1722 | D:2      | Found a shimmering altar of Xom.
  1763 | D:2      | Noticed Natasha
  1846 | D:2      | Reached XP level 4. HP: 27/27 MP: 3/7
  3300 | D:3      | Reached skill level 4 in Conjurations
  3300 | D:3      | Reached skill level 4 in Fire Magic
  3300 | D:3      | Reached XP level 5. HP: 27/31 MP: 0/8
  3656 | D:4      | Found a shadowy altar of Dithmenos.
  3716 | D:4      | Found an ornate altar of the Wu Jian Council.
  3847 | D:4      | Noticed a phantom
  3855 | D:4      | HP: 7/31 [phantom (8)]
  3875 | D:4      | HP: 5/31 [phantom (9)]
  3878 | D:4      | Slain by a phantom

Illustrated notes

Levels and vault maps discovered:
D:1:      dpeg_arrival_castle, layout_basic
D:2:      layout_rooms, nicolae_overflow_crystal_walls, uniq_natasha
D:3:      layout_basic, st_stairs_8
D:4:      layout_basic, nicolae_overflow_hidden_temple, marbit_many_paths,
          hangedman_ru_absence, overflow_temple_1_default, gup_sewer_entry_bowl,
          uniq_edmund

Skill      XL: |  1  2  3  4 |
---------------+-------------+-----
Conjurations   | 2 3 4 |  4.5
Fire Magic     | 4 |  4.5
Dodging        | |  2.0
Stealth        | |  2.6
Spellcasting   | |  2.0

Action                   |  1- 3 |  4- 6 || total
-------------------------+-------+-------++-------
Melee: Dagger            |     4 |       ||     4
       Constrict         |     2 |     9 ||    11
       Tentacles         |     1 |     6 ||     7
       Whip              |       |     9 ||     9
       Falchion          |       |     9 ||     9
 Cast: Foxfire           |    65 |    78 ||   143
  Use: Scroll            |     1 |     6 ||     7
       Potion            |       |     1 ||     1
 Stab: Sleeping          |     1 |     1 ||     2
Armor: Skin              |       |     4 ||     4
Dodge: Dodged            |     7 |    41 ||    48
       Rpst.: Falchion   |       |     5 ||     5

Table legend: (Time is in decaauts)
 A = Elapsed time spent in this place.
 B = Non-inter-level travel time spent in this place.
 C = Inter-level travel time spent in this place.
 D = Time resting spent in this place.
 E = Time spent auto-exploring this place.
 F = Levels seen in this place.
 G = Mean time per level.
                   A        B        C        D        E       F      G
               +--------+--------+--------+--------+--------+-----+--------+
         Total |   3876 |   3717 |    159 |     94 |   3051 |   4 |  969.0 |
       Dungeon |   3876 |   3717 |    159 |     94 |   3051 |   4 |  969.0 |
               +--------+--------+--------+--------+--------+-----+--------+

Top non-repeatable levels by time:
     D:3: 1460 daAuts
     D:1: 1386 daAuts
     D:2: 794 daAuts
     D:4: 235 daAuts

Table legend:
 A = Kills in this place as a percentage of kills in entire the game.
 B = Kills by you in this place as a percentage of kills by you in the entire game.
 C = Kills by friends in this place as a percentage of kills by friends in the entire game.
 D = Other kills in this place as a percentage of other kills in the entire game.
 E = Experience gained in this place as a percentage of experience gained in the entire game.
 F = Experience gained in this place divided by the number of levels of this place that you have seen.
                   A       B       C       D       E      F
               +-------+-------+-------+-------+-------+----------------------
         Total | 100.0 | 100.0 |   N/A |   N/A | 100.0 |  79.5
       Dungeon | 100.0 | 100.0 |   N/A |   N/A | 100.0 |  79.5
               +-------+-------+-------+-------+-------+----------------------
